 Dungeon Crawl Stone Soup version 0.28-a0-1565-g95a8017c83 (webtiles) character file.

Game seed: 15463333702356619283

52 tilp the Chiller (level 3, 14/14 HPs)
             Began as a Felid Ice Elementalist on Jan 19, 2022.
             Quit the game on level 4 of the Dungeon.
             The game lasted 00:03:44 (3467 turns).

tilp the Chiller (Felid Ice Elementalist)           Turns: 3467, Time: 00:03:45

Health: 14/14      AC:  1    Str:  4    XL:     3   Next: 60%
Magic:  8/8        EV: 17    Int: 18    God:
Gold:   125        SH:  0    Dex: 16    Spells: 1/8 levels left
                                        Lives:  0   Deaths: 1

rFire   . . .      SeeInvis +   (weapon unavailable)
rCold   . . .      Faith    .   (shield unavailable)
rNeg    . . .      Spirit   .   (armour unavailable)
rPois   .          Reflect  .   (helmet unavailable)
rElec   .          Harm     .   (cloak unavailable)
rCorr   .          Rampage  .   (gloves unavailable)
Will    .....                   (boots unavailable)
Stlth   ++........              (no amulet)
HPRegen 0.04/turn               (no ring)
MPRegen 0.11/turn               (no ring)

@: quick
A: very small, claws 1, fangs 3, see invisible, speed 1, shaggy fur 1, stealthy
paws, no weapons or thrown items, no armour, multi-lived
a: no special abilities


You were on level 4 of the Dungeon.
You visited 1 branch of the dungeon, and saw 4 of its levels.

You collected 125 gold pieces.

Inventory:

Wands
 d - a wand of flame (17)
 f - a wand of paralysis (4)
Scrolls
 e - a scroll of teleportation
Potions
 g - a potion of flight


   Skills:
 - Level 2.6 Dodging
 - Level 2.6 Stealth
 - Level 3.0 Spellcasting
 * Level 5.0 Ice Magic


You had one spell level left.
You knew the following spells:

 Your Spells              Type           Power      Damage    Failure   Level
a - Freeze                Ice            80%        1d9       1%          1
b - Frozen Ramparts       Ice            40%        1d6       6%          3
c - Ozocubu's Armour      Ice            20%        N/A       6%          3

Your spell library contained the following spells:

 Spells                   Type           Power      Damage    Failure   Level
 Foxfire                  Conj/Fire      8%         2x1d4     16%         1
 Sandblast                Erth           4%         2d4       16%         1
 Passwall                 Tmut/Erth      1%         N/A       24%         2
 Conjure Flame            Conj/Fire      2%         6-21      43%         3
 Inner Flame              Hex/Fire       2%         N/A       43%         3
 Stone Arrow              Conj/Erth      4%         3d7       43%         3
 Hailstorm                Conj/Ice       11%        3d5       50%         4
 Flame Wave               Conj/Fire      2%         2d4       85%         4


Dungeon Overview and Level Annotations

Branches:
Dungeon (4/15)
 Temple: D:4-7

Altars:
Cheibriados


Innate Abilities, Weirdness & Mutations

You have sharp claws.
You have razor-sharp teeth.
You have supernaturally acute eyesight. (SInv)
You cover ground quickly. (Speed+)
You are covered in fur. (AC +1)
Your paws help you pounce on unaware monsters.
You are incapable of wielding weapons or throwing items.
You cannot wear armour.
You gain extra lives every three experience levels.


Message History

You scratch the necrophage but do no damage.
The necrophage is heavily damaged.
The necrophage hits you.
You barely miss the necrophage. Your bite misses the necrophage.
The necrophage is heavily damaged.
The necrophage hits you.
* * * LOW HITPOINT WARNING * * *
You feel drained.
* * * LOW HITPOINT WARNING * * *
You barely miss the necrophage.
The necrophage is heavily damaged.
The necrophage misses you.
Your icy armour will break if you move.
Continue?
Your icy armour cracks and falls away as you move.
A kobold comes into view. It is wielding a +0 whip.
Found a stone staircase leading down.
The kobold shouts!
A ball python comes into view.
A hound skeleton comes into view.
A kobold comes into view.
It is wielding a +0 club and quivering poisoned darts.
The ball python completely misses you. The ball python closely misses you.
The kobold hits you with a +0 whip.
You die...
You are now level 3!
You rejoin the land of the living...
Found 18 stones, 9 gold pieces and a throwing net.
Found a snail-covered altar of Cheibriados.
A goblin comes into view. It is wielding a +0 dagger.
Unknown command.
Unknown command.
Unknown command.
A goblin comes into view. It is wielding a +0 club.
You pounce on the unaware helpless goblin!
You scratch the goblin.
You kill the goblin!
Things that are here:
a +0 dagger; a goblin corpse Why would you want to do that?
Why would you want to do that?
Are you sure you want to abandon this character and quit the game? (Confirm with "yes".)

.............#..
##..............
#.........$.....
.# #....g.......
... ##.)..(......
....###...........
..................
..PPPP..≈≈≈≈.._..≈
..........@.......
....###....#.###..
.... #...##### .
... ##.## .. ....
..... ..S....
......
##...........


You could see a goblin (wandering) and a ball python.

Vanquished Creatures
  Terence (D:3)
  4 adders
  A dart slug (D:3)
  An orc (D:3)
  2 endoplasms
  3 giant cockroaches
  3 hobgoblins
  3 jackals (D:1)
  2 kobolds
  4 quokkas
  6 ball pythons
  4 bats
  3 frilled lizards
  6 goblins
  4 rats
47 creatures vanquished.

Notes
Turn   | Place    | Note
-------+----------+-------------------------------------------
     0 | D:1      | tilp the Felid Ice Elementalist began the quest for the
                  | Orb.
     0 | D:1      | Reached XP level 1. HP: 7/7 MP: 4/4
   351 | D:1      | Found a faded altar of an unknown god.
   520 | D:1      | Reached XP level 2. HP: 11/11 MP: 4/6
   601 | D:1      | Reached skill level 4 in Ice Magic
  1403 | D:2      | Reached XP level 3. HP: 14/14 MP: 7/7
  1407 | D:2      | Learned a level 3 spell: Frozen Ramparts
  1525 | D:2      | Learned a level 3 spell: Ozocubu's Armour
  2028 | D:2      | You fall into a shaft and drop 1 floor!
  2544 | D:3      | Reached XP level 4. HP: 18/18 MP: 6/9
  2931 | D:3      | Identified the +8 hand axe of World Downfall {flame, rElec}
  3149 | D:3      | Noticed Terence
  3159 | D:3      | Killed Terence
  3160 | D:3      | Reached skill level 5 in Ice Magic
  3419 | D:4      | Noticed a necrophage
  3453 | D:4      | Slain by a kobold
  3454 | D:4      | Reached XP level 3. HP: -3/12 MP: 8/8
  3454 | D:4      | Found a snail-covered altar of Cheibriados.
  3467 | D:4      | Quit the game

Illustrated notes

Levels and vault maps discovered:
D:1:      lightli_arrival_boilingwater, layout_basic, serial_forest,
          infiniplex_forest_join, infiniplex_forest_lined_room_2,
          infiniplex_forest_lined_2, infiniplex_forest_lined_2,
          infiniplex_forest_corner_2, infiniplex_forest_lined_3,
          infiniplex_forest_clump_medium, infiniplex_forest_clump_tiny,
          shapermc_ecumenical_altar_petra
D:2:      layout_loops_ring, kennysheep_flooded_box, minmay_tromino_i2
D:3:      layout_basic, uniq_terence
D:4:      layout_cave_pools, mainiacjoe_overflow_boulevard,
          minmay_temple_entry_antechambers, serial_shops,
          nicolae_shop_hallway_stairs

Skill      XL: |  1  2  3  4 |
---------------+-------------+-----
Ice Magic      | 4 5 |  5.0
Spellcasting   | 3 |  3.0
Dodging        | |  2.6
Stealth        | |  2.6

Action                   |  1- 3 |  4- 6 || total
-------------------------+-------+-------++-------
Melee: Unarmed           |    15 |    19 ||    34
       Bite              |       |     1 ||     1
 Cast: Freeze            |    47 |    12 ||    59
       Frozen Ramparts   |     1 |     1 ||     2
       Ozocubu's Armour  |       |     1 ||     1
  Use: Scroll            |     7 |     3 ||    10
       Potion            |       |     1 ||     1
 Stab: Sleeping          |     9 |     1 ||    10
Armor: Skin              |     1 |     2 ||     3
Dodge: Dodged            |    31 |    19 ||    50

Table legend: (Time is in decaauts)
 A = Elapsed time spent in this place.
 B = Non-inter-level travel time spent in this place.
 C = Inter-level travel time spent in this place.
 D = Time resting spent in this place.
 E = Time spent auto-exploring this place.
 F = Levels seen in this place.
 G = Mean time per level.
                   A        B        C        D        E       F      G
               +--------+--------+--------+--------+--------+-----+--------+
         Total |   3071 |   3034 |     37 |    446 |   2242 |   4 |  767.8 |
       Dungeon |   3071 |   3034 |     37 |    446 |   2242 |   4 |  767.8 |
               +--------+--------+--------+--------+--------+-----+--------+

Top non-repeatable levels by time:
     D:1: 1124 daAuts
     D:2: 1014 daAuts
     D:3: 890 daAuts
     D:4: 42 daAuts
